 Dungeon Crawl Stone Soup version 0.25-a0-294-gea9b1ad378 (webtiles) character file.

Game seed: 7320727668288264010, levelgen mode: deterministic

1656 MordorOrchid the Ruffian (level 8, 0/64 HPs)
             Began as a Troll Transmuter on Dec 19, 2019.
             Was a Follower of Hepliaklqana.
             Succumbed to a killer bee's poison
             ... on level 7 of the Dungeon.
             The game lasted 00:15:46 (5203 turns).

MordorOrchid the Ruffian (Troll Transmuter)         Turns: 5203, Time: 00:15:47

Health: 0/64       AC:  8    Str: 19    XL:     8   Next: 68%
Magic:  2/10       EV: 16    Int: 14    God:    Hepliaklqana [*.....]
Gold:   230        SH:  0    Dex: 15    Spells: 7/11 levels left

rFire    . . .     SeeInvis .     - Unarmed
rCold    . . .     Gourm    +   (no shield)
rNeg     . . .     Faith    .   b - +0 robe
rPois    .         Spirit   +   (helmet restricted)
rElec    .         Reflect  .   y - +1 cloak
rCorr    .         Harm     .   (gloves unavailable)
MR       .....                  (boots unavailable)
Stlth    ++........             x - amulet of guardian spirit
HPRegen  0.60/turn              t - +3 ring of intelligence
MPRegen  0.12/turn              (no ring)

@: agile, lethally poisoned (0 -> -3), appendage
A: large, unfitting armour, reduced essence, claws 3, talons 3, fast metabolism
3, gourmand, regeneration 1, shaggy fur 1, tough skin 3
a: End Transformation, Recall Ancestor, Ancestor Identity, Renounce Religion


You were on level 7 of the Dungeon.
You worshipped Hepliaklqana.
Hepliaklqana was aware of your devotion.
You were very full.
You had grown temporary talons.
You visited 1 branch of the dungeon, and saw 7 of its levels.

You collected 230 gold pieces.

Inventory:

Missiles
 a - 123 arrows
 c - 26 poisoned darts (quivered)
 o - 4 javelins
Armour
 b - a +0 robe (worn)
 y - a +1 cloak (worn)
Jewellery
 p - an uncursed ring of protection from magic {unknown}
 t - a +3 ring of intelligence (left claw)
 v - an uncursed ring of ice
 x - an amulet of guardian spirit (around neck)
Wands
 A - a wand of paralysis (5)
Scrolls
 e - 2 scrolls of remove curse
 i - 3 scrolls of fear
 k - a scroll of amnesia
 l - 2 scrolls of immolation
 n - a scroll of noise {unknown}
 q - 2 scrolls of teleportation
 r - 2 scrolls of enchant armour {unknown}
 u - a scroll of magic mapping {unknown}
Potions
 f - 2 potions of brilliance {unknown}
 g - a potion of berserk rage {unknown}
 m - a potion of mutation
 s - a potion of magic
 w - 2 potions of ambrosia
 B - a potion of curing {unknown}
Comestibles
 d - 14 rations


   Skills:
 - Level 2.0 Fighting
 * Level 3.1 Throwing
 * Level 2.6 Armour
 * Level 3.7 Dodging
 * Level 7.6 Unarmed Combat
 - Level 2.0 Spellcasting
 * Level 1.0 Hexes
 - Level 3.0 Transmutations


You had 7 spell levels left.
You knew the following spells:

 Your Spells              Type           Power        Failure   Level  Hunger
a - Beastly Appendage     Tmut           #.....       7%          1    ##.....
s - Sticks to Snakes      Tmut           #.......     11%         2    ###....
A - Confusing Touch       Hex            #.....       16%         1    ##.....

Your spell library contained the following spells:

 Spells                   Type           Power        Failure   Level  Hunger
 Spider Form              Tmut/Pois      #.........   36%         3    ####...
 Confuse                  Hex            #.......     43%         3    ####...
 Gell's Gravitas          Tloc           #.........   56%         3    ####...
 Ice Form                 Ice/Tmut       #.......     77%         4    #####..
 Petrify                  Tmut/Erth      #.......     77%         4    #####..
 Blade Hands              Tmut           #.........   88%         5    ######.
 Yara's Violent Unravell  Hex/Tmut       #.........   96%         5    ######.
 Metabolic Englaciation   Hex/Ice        #.........   99%         5    ######.


Dungeon Overview and Level Annotations

Branches:
Dungeon (7/15)             Temple (0/1) D:7

Altars:
Elyvilon
Hepliaklqana
Okawaru
Ru
Trog
Uskayaw
Yredelemnul

Shops:
D:6 %


Innate Abilities, Weirdness & Mutations

You are too large for most types of armour.
You have claws for hands.
Your metabolism is lightning-fast.
You like to eat raw meat.
Your natural rate of healing is unusually fast.
You are covered in fur. (AC +1)
You have extremely tough skin. (AC +3)
Your life essence is reduced to manifest your ancestor. (-10% HP)
You have claws for feet.


Message History

* * * LOW HITPOINT WARNING * * *
You feel sick.
You barely miss the crimson imp. Your claw misses the crimson imp.
* * * LOW HITPOINT WARNING * * *
You feel sick. The crimson imp misses you.
Casting: Confusing Touch (safe; 16% risk of failure)
Confirm with . or Enter, or press ? or * to list all spells.
Your feet morph into talons.
* * * LOW HITPOINT WARNING * * *
You feel sick. The crimson imp closely misses you.
You barely miss the crimson imp. You claw the crimson imp!
The crimson imp is severely wounded.
* * * LOW HITPOINT WARNING * * *
You feel sick. The crimson imp misses you.
You claw the crimson imp!
You kill the crimson imp!
Your Hexes skill increases to level 1!
* * * LOW HITPOINT WARNING * * *
You feel sick.
You die...

###..# ##.# .# #.#
.. #.. . ..
######. #.####.
#(...... .....
####### #.......
... #.....#
#.......
##.##@#.#.#
#.......
#...†.#y..#
#.......
#..####§###
#.......
.#..#...[#
#.......
....#.##.# .......
..#[##.##R#
.......
....#.....#y######
#######
....#..###y......#
.................#


There were no monsters in sight!

Vanquished Creatures
  Menkaure (D:5)
  2 ice beasts
  A bullfrog (D:7)
  A scorpion (D:4)
  3 killer bees (D:7)
  3 wights (D:6)
  A howler monkey (D:5)
  A bullfrog zombie (D:6)
  2 crimson imps
  A quasit (D:7)
  An orc priest (D:5)
  2 hounds
  Crazy Yiuf (D:5)
  5 orc wizards
  A centaur skeleton (D:4)
  Terence (D:3)
  2 bullfrog skeletons
  Ijyb (D:5)
  A worker ant (D:4)
  2 hound skeletons
  A howler monkey zombie (D:4)
  7 gnolls
  14 adders
  A shadow imp (D:6)
  An ooze (D:1)
  7 worms
  5 dart slugs
  5 leopard geckos
  17 orcs
  3 ball pythons
  5 giant cockroaches
  8 goblins
  5 hobgoblins
  4 jackals (D:3)
  A quokka (D:2)
  7 bats
  7 frilled lizards
  7 kobolds
  A leopard gecko skeleton (D:4)
  A quokka skeleton (D:4)
  11 rats
  A spectral orc (D:4)
152 creatures vanquished.

Vanquished Creatures (collateral kills)
  A crimson imp (D:6)
  A quokka (D:6)
2 creatures vanquished.

Vanquished Creatures (others)
  An ancestor (D:7)
1 creature vanquished.

Grand Total: 155 creatures vanquished

Notes
Turn   | Place    | Note
-------+----------+-------------------------------------------
     0 | D:1      | MordorOrchid the Troll Transmuter began the quest for the
                  | Orb.
     0 | D:1      | Reached XP level 1. HP: 18/18 MP: 1/1
   158 | D:1      | Reached XP level 2. HP: 25/26 MP: 2/2
   162 | D:1      | Learned a level 2 spell: Sticks to Snakes
   193 | D:1      | Reached skill level 1 in Fighting
   315 | D:1      | Reached XP level 3. HP: 31/33 MP: 3/3
   930 | D:2      | Reached XP level 4. HP: 25/41 MP: 2/4
   962 | D:2      | Reached skill level 1 in Throwing
  1663 | D:3      | Found a sacrificial altar of Ru.
  1804 | D:3      | Reached skill level 1 in Armour
  1812 | D:3      | Reached skill level 4 in Unarmed Combat
  1812 | D:3      | Reached XP level 5. HP: 14/48 MP: 3/6
  1869 | D:3      | Noticed Terence
  1884 | D:3      | Killed Terence
  1944 | D:3      | Found a bloodstained altar of Trog.
  2371 | D:4      | Found an iron altar of Okawaru.
  2407 | D:4      | Reached XP level 6. HP: 56/57 MP: 5/7
  3016 | D:4      | Found a basalt altar of Yredelemnul.
  3209 | D:5      | Entered Level 5 of the Dungeon
  3243 | D:5      | Noticed Menkaure
  3254 | D:5      | Killed Menkaure
  3254 | D:5      | Reached skill level 5 in Unarmed Combat
  3254 | D:5      | Reached XP level 7. HP: 17/65 MP: 4/9
  3255 | D:5      | HP: 3/65 [orc priest/divine providence (15)]
  3268 | D:5      | HP: 1/65 [orc priest/+0 mace (8)]
  3606 | D:5      | Reached skill level 6 in Unarmed Combat
  3896 | D:5      | Found a hide-covered altar of Uskayaw.
  3950 | D:5      | Found a runed translucent door.
  3951 | D:5      | Noticed Crazy Yiuf
  3972 | D:5      | Killed Crazy Yiuf
  4019 | D:5      | Learned a level 1 spell: Confusing Touch
  4059 | D:5      | Found a hazy altar of Hepliaklqana.
  4076 | D:5      | Noticed Ijyb
  4079 | D:5      | Paralysed by Ijyb for 2 turns
  4086 | D:5      | Killed Ijyb
  4086 | D:5      | Reached XP level 8. HP: 72/72 MP: 8/10
  4124 | D:5      | Became a worshipper of Hepliaklqana the Forgotten
  4631 | D:6      | Found Wettamud's Food Shoppe.
  4669 | D:6      | Reached * piety under Hepliaklqana
  4955 | D:7      | Reached skill level 7 in Unarmed Combat
  4961 | D:7      | Found a staircase to the Ecumenical Temple.
  5132 | D:7      | Found a white marble altar of Elyvilon.
  5199 | D:7      | HP: 3/64 [poisoned by a killer bee]
  5201 | D:7      | HP: 1/64 [poisoned by a killer bee]
  5202 | D:7      | Reached skill level 1 in Hexes
  5203 | D:7      | Succumbed to a killer bee's poison

Levels and vault maps discovered:
D:1:      dpeg_arrival_ternary, layout_basic, minmay_pentomino_w4
D:2:      minmay_door_path, layout_basic
D:3:      layout_basic, nicolae_ru_path_of_blood, lemuel_crystal_altar,
          uniq_terence
D:4:      layout_loops_corners, yredelemnul_forgotten_temple_becter,
          okawaru_gym_becter
D:5:      layout_loops_ring, overflow_temple_1_default, kennysheep_little_box,
          first_ration, minmay_misc_feat_secret_circle, uniq_ijyb,
          uniq_menkaure, uniq_crazy_yiuf_cottage
D:6:      layout_gridville, serial_shops, shop
D:7:      layout_basic, elyvilon_altar_5, minmay_temple_entry_butterflies,
          solitary_fountain

Skill      XL: |  1  2  3  4  5  6  7  8 |
---------------+-------------------------+-----
Fighting       | 1 2 |  2.0
Dodging        | 2 3 |  3.7
Throwing       | 1 2 3 |  3.1
Armour         | 1 2 |  2.6
Unarmed Combat | 4 5 6 7 |  7.6
Transmutations | 2 3 |  3.0
Spellcasting   | 2 |  2.0
Hexes          | 1 |  1.0

Action                   |  1- 3 |  4- 6 |  7- 9 || total
-------------------------+-------+-------+-------++-------
Melee: Unarmed           |    95 |   162 |   191 ||   448
       Kick              |     4 |    18 |     6 ||    28
       Headbutt          |       |     9 |    10 ||    19
       Punch             |       |     1 |     3 ||     4
 Cast: Beastly Appendage |     7 |    23 |    18 ||    48
       Sticks to Snakes  |       |     3 |     2 ||     5
       Confusing Touch   |       |       |     4 ||     4
Invok: Ancestor Identity |       |       |     1 ||     1
  Use: Scroll            |       |     9 |     3 ||    12
       Potion            |       |       |     3 ||     3
 Stab: Sleeping          |     3 |     1 |     1 ||     5
  Eat: Chunk             |    14 |    22 |    19 ||    55
Armor: Robe              |    48 |    56 |    75 ||   179
Dodge: Dodged            |    67 |    62 |    87 ||   216

Table legend:
 A = Non-vault XP
 B = Vault XP
 C = Vault XP percentage of total XP
 D = Non-vault monster count
 E = Vault monster count
 F = Vault count percentage of total count
                 A         B        C        D         E       F
            +---------+---------+-------+---------+---------+-------
      Total |    2062 |     304 |  12.8 |     142 |      12 |   7.8
            +---------+---------+-------+---------+---------+-------
        D:1 |      51 |       9 |  15.0 |      26 |       5 |  16.1
        D:2 |      53 |      16 |  23.2 |      18 |       2 |  10.0
        D:3 |     139 |      36 |  20.6 |      22 |       1 |   4.3
        D:4 |     284 |       1 |   0.4 |      20 |       1 |   4.8
        D:5 |     597 |     242 |  28.8 |      31 |       3 |   8.8
        D:6 |     405 |       0 |   0.0 |      15 |       0 |   0.0
        D:7 |     533 |       0 |   0.0 |      10 |       0 |   0.0
            +---------+---------+-------+---------+---------+-------
